Map: Deathaura LE

Players

Vindicta

  • Race: Terran Terran
  • Spawn Location: 11:00

Astrea - Winner!

  • Race: Protoss Protoss
  • Spawn Location: 5:00

Event: DreamHack SC2 Masters 2020 Summer North America

VOD

Have the link to the VOD?

Description

Time

  • Played on: June 30, 2020, 7:20 p.m.
  • Length: 16:19

All games in this series

Show
View Real Time Build Order
Export as new Build Order

Vindicta Terran 

Build Orders: Reaper Expand 

Get SALT Encoding   

  12  0:00  SCV  
  13  0:12  SCV  
  14  0:17  Supply Depot  
  14  0:24  SCV  
  15  0:38  SCV  
  15  0:39  Barracks  
  16  0:43  Refinery  
  16  0:50  SCV  
  17  1:02  SCV  
  18  1:15  SCV  
  19  1:28  Reaper, Orbital Command  
  20  1:45  Command Center  
  20  1:54  SCV, Supply Depot  
  20  1:59  Marine  
  22  2:06  SCV  
  23  2:08  Factory  
  23  2:16  Refinery  
  23  2:18  SCV  
  23  2:20  Barracks Reactor  
  24  2:24  Bunker  
  24  2:30  SCV  
  25  2:43  SCV  
  26  2:55  SCV  
  26  2:56  Marine x2  
  28  3:04  Orbital Command  
  28  3:07  SCV, Widow Mine  
  28  3:10  Starport  
  31  3:15  Marine x2  
  31  3:19  SCV  
  34  3:28  Widow Mine  
  34  3:30  SCV  
  34  3:31  SCV  
  34  3:33  Marine x2  
  39  3:42  SCV  
  39  3:43  SCV  
  39  3:47  Medivac  
  43  3:49  Widow Mine  
  43  3:51  Supply Depot  
  43  3:54  SCV  
  46  4:02  Supply Depot  
  46  4:11  SCV  
  46  4:12  Marine x2  
  46  4:13  SCV, Widow Mine  
  51  4:17  Medivac  
  51  4:23  SCV, Barracks  
  54  4:25  SCV  
  55  4:31  Supply Depot  
  55  4:33  Barracks  
  55  4:34  Refinery  
  55  4:35  SCV, Factory Tech Lab  
  55  4:37  SCV, Marine x2  
  59  4:44  Engineering Bay  
  58  4:47  SCV  
  58  4:49  SCV  
  58  4:50  Starport Tech Lab  
  60  4:54  Siege Tank  
  60  4:59  SCV  
  64  5:00  Marine x2  
  64  5:01  SCV  
  64  5:02  Refinery  
  67  5:08  Raven  
  67  5:11  SCV  
  70  5:15  Barracks Tech Lab  
  70  5:24  Supply Depot  
  70  5:30  Terran Infantry Weapons Level 1  
  70  5:40  SCV x2, Marine x2, Siege Tank  
  77  5:47  Supply Depot  
  75  5:52  SCV  
  75  5:53  SCV  
  75  5:54  Barracks Tech Lab  
  75  5:58  Marine x2, Barracks Tech Lab  
  76  6:05  SCV x2  
  76  6:16  Marine  
  76  6:17  SCV x2  
  76  6:18  Factory Tech Lab  
  77  6:21  Starport Reactor  
  77  6:23  Combat Shield  
  77  6:24  Stimpack  
  77  6:25  Marauder  
  76  6:27  Marauder  
  76  6:29  SCV x2  
  80  6:34  Refinery  
  80  6:38  Siege Tank  
  80  6:41  SCV x2  
  80  6:45  Marine x2  
  80  6:46  Marauder  
  84  6:50  Command Center  
  84  6:53  SCV x2  
  85  6:57  Medivac  
  87  7:01  Supply Depot  
  87  7:02  Marine  
  87  7:03  Marine  
  87  7:05  SCV x2, Medivac  
  93  7:09  Marauder  
  89  7:18  Siege Tank  
  89  7:21  SCV  
  94  7:23  Marine x2  
  94  7:24  Supply Depot  
  94  7:26  Marine, Terran Infantry Armor Level 1  
  94  7:28  Supply Depot  
  96  7:32  Marauder  
  96  7:35  Missile Turret  
  96  7:37  SCV x2, Missile Turret  
  100  7:45  Liberator  
  100  7:50  SCV x2  
  104  7:52  Marauder  
  104  7:54  Marauder  
  104  8:02  SCV  
  104  8:05  Orbital Command  
  106  8:07  Marine, Siege Tank  
  106  8:08  Marine  
  110  8:14  Marauder  
  110  8:15  Marine  
  113  8:20  Barracks  
  113  8:25  Marine  
  113  8:26  Marine  
  115  8:28  Barracks  
  115  8:31  Liberator  
  115  8:32  Orbital Command  
  115  8:33  Marauder  
  120  8:34  Liberator  
  120  8:37  SCV  
  120  8:38  Marauder  
  120  8:40  SCV  
  127  8:46  Marine  
  128  8:49  SCV  
  128  8:50  Marine  
  128  8:52  SCV  
  131  9:00  SCV  
  131  9:01  SCV  
  133  9:05  Supply Depot  
  133  9:11  SCV  
  123  9:19  Marine  
  123  9:20  SCV, Marauder  
  127  9:24  SCV x2  
  127  9:25  Barracks Reactor, Refinery, Barracks Tech Lab  
  127  9:26  Refinery  
  127  9:28  Marine  
  127  9:29  Medivac, Marauder  
  127  9:30  Medivac  
  136  9:37  Marine  
  136  9:38  Siege Tank  
  136  9:40  SCV  
  136  9:41  SCV, Marauder  
  133  9:46  Marine  
  133  9:49  Marine  
  133  9:51  SCV  
  133  9:52  SCV  
  137  9:55  Marine  
  137  9:56  Marine  
  124  10:02  Marauder  
  124  10:03  SCV x2  
  124  10:04  Marine  
  124  10:05  Marine x2  
  131  10:08  Marauder  
  131  10:11  Siege Tank  
  131  10:12  Marine  
  137  10:14  SCV, Medivac x2  
  137  10:18  Supply Depot, Marauder  
  137  10:19  Supply Depot  
  129  10:29  Marauder, Marine  
  129  10:34  Marine  
  129  10:35  Marauder  
  128  10:37  Marine x2  
  128  10:40  Marauder  
  132  10:43  Siege Tank  
  132  10:44  Liberator x2  
  132  10:47  Marine  
  132  10:48  SCV  
  143  10:51  Marauder  
  143  10:52  Marine  
  143  10:54  Marine x2  
  143  10:56  Marauder  
  151  11:01  Marauder  
  151  11:02  Supply Depot  
  151  11:03  Missile Turret  
  152  11:04  Marine  
  152  11:10  Marine  
  154  11:12  Marauder, Marine  
  154  11:13  Command Center  
  154  11:17  Supply Depot  
  157  11:21  Supply Depot  
  157  11:23  Marine x2  
  157  11:24  Marauder  
  155  11:35  Marauder, Marine x2  
  157  11:40  Medivac x2  
  161  11:48  Marauder, Marine x2  
  161  11:49  Starport, Fusion Core  
  165  11:56  Marine  
  165  11:57  Sensor Tower  
  165  11:58  Siege Tank  
  165  12:00  Marauder, Marine  
  170  12:09  Marauder, Marine  
  170  12:13  Marauder  
  170  12:14  Marine x2  
  177  12:16  SCV, Engineering Bay  
  177  12:17  Armory, Marine  
  177  12:19  Missile Turret  
  177  12:22  Marauder  
  181  12:30  Marauder  
  181  12:31  Refinery  
  181  12:32  Refinery  
  179  12:38  Marine x2  
  179  12:39  Advanced Ballistics, Marauder  
  179  12:40  Starport Reactor  
  179  12:42  Medivac  
  185  12:52  Planetary Fortress  
  185  12:59  Sensor Tower  
  179  13:07  Liberator  
  179  13:09  SCV  
  183  13:12  SCV  
  183  13:13  Marine  
  183  13:14  Marauder, Ghost Academy  
  183  13:15  Terran Infantry Armor Level 2, Terran Infantry Weapons Level 2  
  183  13:19  SCV  
  182  13:21  SCV  
  182  13:26  Liberator x2  
  189  13:27  Liberator  
  189  13:28  SCV  
  193  13:43  Ghost  
  193  13:46  SCV  
  193  13:49  Ghost  
  193  13:54  Liberator  
  194  13:57  Ghost  
  194  14:01  Terran Vehicle Weapons Level 1  
  185  14:09  Medivac x2  
  183  14:12  Ghost  
  183  14:14  Medivac  
  183  14:21  Marine  
  183  14:22  Marauder  
  183  14:23  Marine x2  
  180  14:24  SCV x2  
  180  14:25  Enhanced Shockwaves  
  180  14:26  Supply Depot, Command Center  
  184  14:37  Medivac  
  184  14:39  Medivac  
  184  14:41  Marine, Sensor Tower  
  187  14:46  Supply Depot  
  187  14:47  Marauder  
  187  14:51  Ghost  
  191  14:53  Ghost  
  191  14:57  Marine x2  
  191  14:59  Marine  
  196  15:02  Marine  
  196  15:08  Siege Tank  
  196  15:12  Supply Depot  
  199  15:14  Marine  
  199  15:20  Marauder  
  171  15:22  Marine  
  171  15:23  Marauder  
  171  15:26  Marine x2, Liberator  
  171  15:27  Marauder  
  143  15:32  Marine  
  143  15:35  Liberator  
  144  15:36  Liberator  
  144  15:40  Marine  
  144  15:42  Marauder  
  146  15:43  Marine, Siege Tank  
  146  15:47  Viking  
  146  15:48  Marauder  
  154  15:52  Marine  
  155  15:58  Marine  
Show
View Real Time Build Order
Export as new Build Order

Astrea Protoss - Winner!

Build Orders: 1 Gate Expand, Blink Stalkers 

Get SALT Encoding   

  12  0:00  Probe  
  13  0:13  Probe  
  14  0:18  Pylon  
  14  0:24  Probe  
  15  0:32  Probe  
  15  0:38  Gateway  
  15  0:40  Probe  
  16  0:49  Assimilator  
  17  0:51  Probe  
  18  1:03  Probe  
  19  1:15  Probe  
  20  1:25  Cybernetics Core  
  20  1:33  Nexus  
  20  1:37  Probe  
  21  1:44  Pylon  
  21  1:49  Probe  
  21  1:51  Assimilator  
  21  1:52  Adept  
  22  2:01  Probe  
  23  2:07  Shield Battery  
  25  2:13  Probe, Adept  
  25  2:14  Warp Gate  
  28  2:25  Probe  
  29  2:38  Probe, Twilight Council  
  30  2:46  Probe  
  30  2:50  Probe  
  32  2:55  Blink  
  32  2:58  Probe  
  33  3:02  Probe  
  34  3:10  Probe  
  34  3:11  Robotics Facility  
  33  3:14  Probe, Stalker  
  34  3:22  Probe  
  34  3:26  Probe  
  38  3:34  Probe  
  38  3:38  Probe  
  40  3:44  Gateway  
  40  3:45  Gateway  
  40  3:46  Probe  
  41  3:50  Probe  
  42  3:57  Observer  
  42  3:58  Probe  
  42  4:01  Pylon  
  44  4:06  Probe  
  44  4:10  Probe  
  44  4:12  Assimilator  
  44  4:13  Warp Prism  
  44  4:14  Assimilator  
  45  4:17  Pylon  
  45  4:19  Probe  
  45  4:20  Stalker  
  45  4:23  Probe  
  51  4:32  Probe  
  51  4:35  Probe, Pylon  
  53  4:42  Stalker x2  
  53  4:44  Probe  
  58  4:46  Stalker  
  58  4:49  Probe, Observer  
  58  4:50  Pylon  
  62  5:07  Robotics Bay  
  62  5:13  Stalker x3  
  68  5:16  Probe  
  68  5:18  Probe  
  56  5:29  Probe  
  57  5:36  Probe, Stalker x3  
  57  5:41  Probe  
  63  5:48  Probe  
  64  5:53  Probe  
  64  5:56  Pylon  
  64  6:00  Probe  
  64  6:02  Nexus  
  65  6:05  Probe  
  66  6:12  Probe  
  66  6:17  Probe  
  62  6:19  Stalker x3  
  68  6:26  Probe  
  68  6:28  Colossus  
  68  6:31  Probe  
  70  6:38  Probe  
  77  6:44  Probe  
  77  6:45  Charge  
  76  6:50  Probe  
  77  6:54  Pylon  
  77  6:59  Probe  
  78  7:07  Probe  
  79  7:11  Probe  
  79  7:15  Probe  
  81  7:16  Extended Thermal Lance  
  81  7:18  Sentry  
  81  7:19  Probe  
  81  7:20  Colossus  
  84  7:23  Probe  
  84  7:25  Probe, Gateway x2  
  84  7:26  Pylon  
  84  7:28  Probe  
  86  7:31  Probe  
  86  7:33  Probe  
  86  7:36  Probe  
  94  7:39  Probe  
  94  7:42  Probe  
  97  7:49  Probe  
  97  8:00  Probe  
  97  8:04  Probe  
  97  8:05  Pylon  
  99  8:06  Forge x2  
  99  8:10  Sentry, Zealot x2  
  99  8:11  Probe, Colossus  
  107  8:12  Probe  
  107  8:13  Shield Battery, Pylon  
  107  8:23  Pylon  
  107  8:25  Zealot x2  
  117  8:27  Observer  
  117  8:35  Probe  
  117  8:36  Probe x2  
  117  8:37  Assimilator  
  117  8:39  Assimilator  
  117  8:40  Pylon  
  119  8:41  Pylon  
  119  8:44  Zealot x3  
  119  8:45  Zealot x2  
  127  8:57  Pylon  
  127  9:06  Stalker x5  
  131  9:24  Gateway  
  131  9:28  Gateway  
  131  9:32  Pylon, Zealot x5  
  139  9:40  Colossus  
  139  9:52  Zealot x3  
  120  10:08  Gateway  
  120  10:09  Probe  
  120  10:10  Gateway  
  120  10:12  Stalker x2  
  118  10:31  Probe x3  
  118  10:34  Forge x2  
  119  10:36  Protoss Ground Armor Level 1  
  119  10:42  Observer  
  119  10:43  Probe  
  119  10:46  Templar Archives  
  119  10:47  Stalker x4  
  119  10:49  Protoss Ground Weapons Level 1  
  128  10:50  Gravitic Drive  
  128  10:52  Nexus  
  128  10:55  Probe x3  
  131  10:57  Pylon  
  131  11:07  Probe x3  
  134  11:12  Sentry  
  134  11:13  Sentry  
  134  11:17  Colossus  
  144  11:19  Stalker x3  
  144  11:20  Stalker  
  144  11:22  Nexus  
  144  11:23  Probe x2  
  152  11:35  Stalker  
  152  11:36  Stalker  
  152  11:38  Probe  
  157  11:46  Probe  
  157  11:51  Pylon  
  157  11:54  Pylon x2  
  157  11:57  Pylon  
  157  12:02  Pylon  
  157  12:04  Probe x3  
  157  12:06  Probe  
  158  12:08  Stalker x4  
  158  12:09  Stalker  
  158  12:13  Nexus  
  174  12:16  Probe  
  175  12:24  Pylon  
  175  12:25  Warp Prism  
  175  12:29  Probe x3  
  172  12:31  Pylon  
  172  12:44  High Templar x6  
  172  12:46  Gateway  
  172  12:48  Gateway  
  172  12:49  Gateway  
  172  12:51  Archon x3, Gateway  
  184  12:54  Warp Prism  
  182  13:02  Observer  
  182  13:19  Probe x4  
  180  13:28  Zealot x6  
  192  13:38  Gateway  
  192  13:40  Gateway  
  192  13:42  Protoss Ground Armor Level 2, Gateway  
  192  13:45  Gateway  
  186  13:54  Stalker x10  
  180  14:29  Nexus  
  180  14:32  Pylon, Nexus  
  180  14:34  Forge  
  180  14:36  Pylon  
  178  14:39  Pylon  
  178  14:43  Probe x3  
  181  14:51  High Templar x5  
  181  14:52  High Templar x3  
  197  14:54  High Templar  
  197  14:57  Archon x4  
  199  15:13  Robotics Facility  
  187  15:23  Zealot x5  
  187  15:24  Zealot x3  
  187  15:26  Robotics Facility  
  187  15:27  Dark Shrine  
  175  15:38  Probe x3  
  176  15:49  High Templar x4  
  184  15:50  High Templar x2  
  184  15:51  Zealot x4  
  184  15:53  Archon x2  
  184  15:54  Archon  
  196  16:02  Nexus  
  196  16:03  Nexus  
  196  16:05  Probe x2  
Tags
 
Add a new tag
Caveats
  • Supply blocks, unpowered buildings, or Contaminate may cause inaccurate times.
  • Supply counts are checked every 10 seconds.